 Dungeon Crawl Stone Soup version 0.30-a0-1114-gd936c97349 (webtiles) character file.

Game seed: 11330054770081888694

65 LustLizard the Gusty (level 3, -3/20 HPs)
             Began as a Deep Elf Air Elementalist on Apr 20, 2023.
             Slain by Pikel
             ... wielding a +0 whip of freezing
              (13 damage)
             ... on level 4 of the Dungeon.
             The game lasted 00:04:16 (3181 turns).

LustLizard the Gusty (Deep Elf Air Elementalist)    Turns: 3181, Time: 00:04:17

Health: -3/20      AC:  3    Str:  7    XL:     3   Next: 92%
Magic:  1/10       EV: 12    Int: 19    God:
Gold:   222        SH:  0    Dex: 15    Spells: 3/9 levels left

rFire   . . .      SeeInvis .    s - +4 short sword
rCold   + . .      Faith    .    (no shield)
rNeg    . . .      Spirit   .    a - +0 robe
rPois   .          Reflect  .    (no helmet)
rElec   .          Rampage  .    (no cloak)
rCorr   .                        f - +0 pair of gloves
Will    .....                    (no boots)
Stlth   ++                       p - amulet of the acrobat
HPRegen 0.23/turn                q - ring of protection from cold
MPRegen 0.12/turn                (no ring)

@: no status effects
A: no striking features
a: no special abilities


You were on level 4 of the Dungeon.
You visited 1 branch of the dungeon, and saw 4 of its levels.

You collected 222 gold pieces.

Inventory:

Hand Weapons
 s - a +4 short sword (weapon)
Armour
 a - a +0 robe (worn)
 f - a +0 pair of gloves (worn)
Jewellery
 p - an amulet of the acrobat (around neck)
 q - a ring of protection from cold (left hand)
Scrolls
 c - a scroll of poison {unknown}
 d - 2 scrolls of fear {unknown}
 e - 3 scrolls of identify
 g - a scroll of enchant weapon {unknown}
 j - a scroll of fog {unknown}
 l - a scroll of enchant armour {unknown}
 n - 3 scrolls of teleportation
 r - a scroll of magic mapping {unknown}
Potions
 b - a potion of magic
 h - a potion of haste
 i - 3 potions of curing
 k - 2 potions of mutation
 m - a potion of invisibility
 o - a potion of berserk rage {unknown}


   Skills:
 + Level 0.8 Fighting
 - Level 2.4 Dodging
 + Level 3.0 Stealth
 + Level 3.5 Spellcasting
 * Level 2.4 Conjurations
 * Level 3.6 Air Magic


You had 3 spell levels left.
You knew the following spells:

 Your Spells              Type           Power      Damage    Failure   Level
a - Shock                 Conj/Air       56%        1d6       4%          1
b - Static Discharge      Conj/Air       28%        2-4/arc   6%          2
c - Swiftness             Air            17%        N/A       10%         3

Your spell library contained the following spells:

 Spells                   Type           Power      Damage    Failure   Level
 Airstrike                Air            8%         2d(2-18)  32%         4


Dungeon Overview and Level Annotations

Branches:
Dungeon (4/15)
 Temple: D:4-7

Altars:
Trog

Annotations:
D:2 1 runed translucent door, Crazy Yiuf
D:4 Pikel


Message History

Aim: Pikel, wielding a +0 whip of freezing, wearing a +0 robe and carrying a wand of roots (5) (lightly wounded, 64% to hit)
The zap hits Pikel.
Pikel is moderately wounded.
Aiming: Shock (safe; 4% risk of failure)
Press: ? - help, Q - select action, (/) - cycle Shift-Dir - straight line, f/p - Pikel
Aim: Pikel, wielding a +0 whip of freezing, wearing a +0 robe and carrying a wand of roots (5) (moderately wounded, 64% to hit)
The zap hits Pikel but does no damage.
Pikel is moderately wounded.
Aiming: Shock (safe; 4% risk of failure)
Press: ? - help, Q - select action, (/) - cycle Shift-Dir - straight line, f/p - Pikel
Aim: Pikel, wielding a +0 whip of freezing, wearing a +0 robe and carrying a wand of roots (5) (moderately wounded, 64% to hit)
The zap hits Pikel.
Pikel is moderately wounded.
A lemure comes into view.
Casting: Shock (safe; 4% risk of failure)
Confirm with . or Enter, or press ? or * to list all spells.
Pikel is struck by an arc of lightning.
Pikel is moderately wounded.
You are struck by an arc of lightning.
Pikel is struck by an arc of lightning.
Pikel is heavily wounded.
You are struck by an arc of lightning.
The lightning grounds out.
The lemure shouts!
You hear a shout!
Pikel hits you with a +0 whip of freezing.
Casting: Static Discharge (safe; 6% risk of failure)
Confirm with . or Enter, or press ? or * to list all spells.
Pikel is struck by an arc of lightning.
Pikel is heavily wounded.
You are struck by an arc of lightning.
The lightning grounds out.
Pikel zaps a wand.
The roots erupt in riotous growth!
The grasping roots grab you!
Pikel is unaffected.
The grasping roots constrict you.
You hear a shout!
You hear a bark!
You hear a shout!
You hear a bark!
Casting: Static Discharge (safe; 6% risk of failure)
Confirm with . or Enter, or press ? or * to list all spells.
You don't have enough magic to cast this spell.
Unknown command.
You escape the roots grasp.
Pikel hits you with a +0 whip of freezing!
Ouch! That really hurt!
You die...

....##.
........K@....>..
....#.........###
... #.........# .
............#
...###..#..###
### ##.#.## g....
......


You could see Pikel, 2 lemures and a goblin.

Vanquished Creatures
  2 adders (D:3)
  A dart slug (D:3)
  A worm (D:2)
  4 orcs (D:3)
  4 endoplasms
  2 giant cockroaches
  2 goblins (D:1)
  3 hobgoblins
  A jackal (D:4)
  A quokka (D:1)
  6 ball pythons
  5 bats
  3 kobolds
  2 rats (D:2)
37 creatures vanquished.

Notes
Turn   | Place    | Note
-------+----------+-------------------------------------------
     0 | D:1      | LustLizard the Deep Elf Air Elementalist began the quest
                  | for the Orb.
     0 | D:1      | Reached XP level 1. HP: 10/10 MP: 6/6
   384 | D:1      | Reached XP level 2. HP: 15/15 MP: 5/8
   760 | D:2      | Learned a level 2 spell: Static Discharge
  1537 | D:2      | Found a runed translucent door.
  1538 | D:2      | Noticed Crazy Yiuf
  1732 | D:3      | Reached XP level 3. HP: 15/20 MP: 1/9
  1736 | D:3      | Learned a level 3 spell: Swiftness
  2872 | D:3      | Found a bloodstained altar of Trog.
  3141 | D:4      | Noticed an ogre
  3144 | D:4      | Noticed a lemure
  3170 | D:4      | Noticed Pikel
  3178 | D:4      | Noticed a lemure
  3181 | D:4      | Slain by Pikel

Illustrated notes

Levels and vault maps discovered:
D:1:      minmay_arrival_shattered_statue, layout_rooms, hangedman_decor_push,
          minmay_misc_feat_alley
D:2:      layout_basic, uniq_crazy_yiuf_cottage
D:3:      layout_loops_corners, lemuel_coloured_pillars_altar
D:4:      layout_rooms, minmay_temple_entry_ruins, uniq_pikel

Skill      XL: |  1  2  3 |
---------------+----------+-----
Conjurations   | 2 |  2.4
Stealth        | 3 |  3.0
Fighting       | |  0.8
Dodging        | |  2.4
Spellcasting   | |  3.5
Air Magic      | |  3.6

Action                     || total
---------------------------++-------
   Cast: Shock             ||    99
         Static Discharge  ||     7
    Use: Scroll            ||     5
 Armour: Robe              ||     2
  Dodge: Dodged            ||     8

Table legend: (Time is in decaauts)
 A = Elapsed time spent in this place.
 B = Non-inter-level travel time spent in this place.
 C = Inter-level travel time spent in this place.
 D = Time resting spent in this place.
 E = Time spent auto-exploring this place.
 F = Levels seen in this place.
 G = Mean time per level.
                   A        B        C        D        E       F      G
               +--------+--------+--------+--------+--------+-----+--------+
         Total |   3180 |   3048 |    132 |      0 |   2804 |   4 |  795.0 |
       Dungeon |   3180 |   3048 |    132 |      0 |   2804 |   4 |  795.0 |
               +--------+--------+--------+--------+--------+-----+--------+

Top non-repeatable levels by time:
     D:3: 1437 daAuts
     D:2: 1056 daAuts
     D:1: 658 daAuts
     D:4: 27 daAuts
